Adelaide Pink Elephants vs Toronto St Pats
Created - Wednesday, March 19, 2025 at 09:00
Goals
|
| Adelaide Pink Elephants |
2 |
3 |
2 |
7 |
| Toronto St Pats |
1 |
1 |
3 |
5 |
|
Shots
|
| Adelaide Pink Elephants |
8 |
13 |
12 |
33 |
| Toronto St Pats |
9 |
13 |
15 |
37 |
|
1st period
1. Adelaide Pink Elephants , Ryder Korczak 1 (Sean Farrell 34) at 6:00
2. Toronto St Pats , Connor Dewar 22 (Nick Cousins 23, Travis Boyd 35) at 13:43
3. Adelaide Pink Elephants , Joakim Kemell 4 (Sean Farrell 35, Ryan Suzuki 33) at 15:31
Penalties :
Nick Cicek (APE) for High sticking (Minor) at 1:30, Ville Heinola (APE) for Hooking (Minor) at 16:14
2nd period
4. Adelaide Pink Elephants , Shane Wright 3 (Graeme Clarke 18, Conor Sheary 7) at 0:12
5. Adelaide Pink Elephants , Conor Sheary 5 (Shane Wright 9, Ville Heinola 11) at 0:29
6. Toronto St Pats , Austin Watson 21 (Pierre-Olivier Joseph 22) at 5:31
7. Adelaide Pink Elephants , Sean Farrell 27 (Ryan Suzuki 34, Joakim Kemell 7) at 11:15 (PP)
Penalties :
Nikita Okhotiuk (TSP) for Tripping (Minor) at 6:59, Nikita Okhotiuk (TSP) for High sticking (Minor) at 11:08, Lucas Carlsson (TSP) for Goalie Interference (Minor) at 12:51
3rd period
8. Toronto St Pats , Brendan Brisson 19 (Mackie Samoskevich 18) at 12:23 (PP)
9. Adelaide Pink Elephants , Tristen Robins 8 (Daemon Hunt 40, Ville Heinola 12) at 13:33
10. Adelaide Pink Elephants , Chaz Lucius 1 (Ville Heinola 13, Conor Sheary 8) at 18:38
11. Toronto St Pats , Brendan Brisson 20 (Sam Malinski 10, Mackie Samoskevich 19) at 19:18
12. Toronto St Pats , Nick Cousins 29 (Travis Boyd 36, Connor Dewar 39) at 19:47
Penalties :
Austin Watson (TSP) for Holding (Minor) at 0:11, Akil Thomas (APE) for Hooking (Minor) at 6:17, Ilya Solovyov (APE) for Tripping (Minor) at 11:52, Austin Watson (TSP) for Fighting (Major) at 14:11, Shane Wright (APE) for Fighting (Major) at 14:11
Goalie Stats
Tomas Suchanek (APE), 32 saves from 37 shots - (0.865), W, 3-5-1, 60:00 minutes
Adam Scheel (TSP), 26 saves from 33 shots - (0.788), L, 9-5-1, 60:00 minutes
Players Stats for Adelaide Pink Elephants
Player Name G A P +/- PIM S H SB GA TA FO MP PP MP PK MP
------------------------------------------------------------------------------------
0 0 0 0 0 0 0 0 0 0 0/0 0:00 0:00 0:00
Akil Thomas 0 0 0 1 2 1 0 0 2 0 2/10 12:38 0:00 0:00
Carson Lambos 0 0 0 -1 0 0 0 1 0 2 0/0 13:45 0:00 1:42
Chaz Lucius 1 0 1 0 0 3 0 0 1 0 4/4 6:05 0:06 0:00
Colton Dach 0 0 0 1 0 2 2 1 0 0 0/0 12:13 0:00 0:00
Conor Sheary 1 2 3 1 0 6 0 0 0 1 3/6 24:18 3:07 3:03
Daemon Hunt 0 1 1 2 0 1 0 4 1 1 0/0 25:49 2:50 2:36
Francesco Pinelli 0 0 0 0 0 0 0 0 0 0 0/0 2:20 0:06 0:00
Graeme Clarke 0 1 1 0 0 1 1 0 0 0 2/3 20:25 3:07 3:12
Ilya Solovyov 0 0 0 1 2 1 2 3 0 1 0/0 21:04 3:14 3:21
Joakim Kemell 1 1 2 -1 0 4 0 0 0 1 0/0 14:56 2:51 0:00
Nick Cicek 0 0 0 2 2 0 1 0 0 2 0/0 21:29 3:14 2:50
Ryan Suzuki 0 2 2 -1 0 2 3 1 0 0 4/6 18:16 2:51 2:59
Ryder Korczak 1 0 1 1 0 1 1 0 1 0 0/0 4:16 0:06 0:26
Sean Farrell 1 2 3 0 0 3 1 0 0 1 0/0 16:58 2:51 0:13
Shane Wright 1 1 2 1 5 2 2 0 0 1 12/24 21:24 3:07 3:03
Tristen Robins 1 0 1 2 0 4 2 1 0 0 11/19 17:02 0:00 0:00
Ville Heinola 0 3 3 2 2 1 2 1 1 0 0/0 25:05 2:50 1:53
William Wallinder 0 0 0 -1 0 1 1 0 0 1 0/0 13:14 0:00 0:34
Players Stats for Toronto St Pats
Player Name G A P +/- PIM S H SB GA TA FO MP PP MP PK MP
------------------------------------------------------------------------------------
0 0 0 0 0 0 0 0 0 0 0/0 0:00 0:00 0:00
Austin Watson 1 0 1 1 7 2 1 0 2 0 1/1 15:32 3:04 0:06
Brendan Brisson 2 0 2 2 0 6 2 2 1 0 6/16 20:40 3:07 3:04
Brendan Gaunce 0 0 0 -2 0 5 1 0 0 0 4/7 11:49 0:00 0:00
Brett Berard 0 0 0 -2 0 0 1 0 3 0 1/1 12:36 0:00 0:13
Connor Dewar 1 1 2 -2 0 5 3 1 1 0 18/37 23:38 3:21 2:54
Jake Leschyshyn 0 0 0 1 0 1 0 0 0 0 0/0 5:44 0:03 0:00
John Farinacci 0 0 0 0 0 1 0 0 0 1 2/3 6:49 0:00 0:00
Lassi Thomson 0 0 0 -1 0 0 0 1 0 0 0/0 12:57 0:00 1:00
Lucas Carlsson 0 0 0 -1 2 0 1 2 0 1 0/0 11:56 0:00 0:00
Mackie Samoskevich 0 2 2 2 0 2 1 1 1 0 1/2 17:18 3:07 0:00
Matthew Maggio 0 0 0 0 0 1 0 0 0 0 0/0 6:49 0:00 0:00
Nick Cousins 1 1 2 -2 0 5 4 0 0 0 0/0 20:27 3:21 2:54
Nikita Okhotiuk 0 0 0 0 4 1 3 0 0 0 0/0 26:21 3:29 1:56
Pierre-Olivier Joseph 0 1 1 0 0 1 2 1 0 2 0/0 27:08 3:29 2:56
Ryan Tverberg 0 0 0 -2 0 1 0 0 1 0 0/0 11:49 0:00 0:00
Sam Malinski 0 1 1 -1 0 2 0 2 0 0 0/0 20:55 2:59 3:08
Scott Perunovich 0 0 0 -1 0 1 1 0 1 1 0/0 20:55 2:59 3:08
Travis Boyd 0 2 2 -2 0 3 0 1 1 1 1/5 20:28 3:21 2:57
3 Stars
1 - Brendan Brisson (TSP)
2 - Conor Sheary (APE)
3 - Sean Farrell (APE)
Power Play
Adelaide Pink Elephants - 1 on 4 Attempt(s) - 25.00%
Toronto St Pats - 1 on 4 Attempt(s) - 25.00%
Penalty Kill
Adelaide Pink Elephants - 3 on 4 Attempt(s) - 75.00%
- Score 0 goal in Penalty Kill
Toronto St Pats - 3 on 4 Attempt(s) - 75.00%
- Score 0 goal in Penalty Kill
Team Stat
Adelaide Pink Elephants - Hits : 18 - Faceoff Wins : 38 - Blocked Shots : 12 - Penalty Minutes : 13
Toronto St Pats - Hits : 20 - Faceoff Wins : 34 - Blocked Shots : 11 - Penalty Minutes : 13
Official
Referees : Chris Lee and Reid Anderson
Linesman : Brandon Gawryletz and Tommy Hughes
Game Notes
Shane Wright beats up Austin Watson at 14:11 of 3rd period
Adelaide Pink Elephants
5 vs 5 Forward
Center Left Wing Right Wing Time % Phy DF OF
1 Shane Wright Conor Sheary Graeme Clarke 30 1 2 2
2 Ryan Suzuki Sean Farrell Joakim Kemell 30 1 2 2
3 Akil Thomas Colton Dach Tristen Robins 25 1 2 2
4 Tristen Robins Conor Sheary Shane Wright 15 1 2 2
5 vs 5 Defense
Defense Defense Time % Phy DF OF
1 Daemon Hunt Ville Heinola 30 1 2 2
2 Ilya Solovyov Nick Cicek 30 1 2 2
3 William Wallinder Carson Lambos 25 1 2 2
4 Daemon Hunt Ville Heinola 15 1 2 2
PowerPlay Forward
Center Left Wing Right Wing Time % Phy DF OF
1 Shane Wright Conor Sheary Graeme Clarke 50 1 2 2
2 Ryan Suzuki Sean Farrell Joakim Kemell 50 1 2 2
PowerPlay Defense
Defense Defense Time % Phy DF OF
1 Daemon Hunt Ville Heinola 50 1 2 2
2 Ilya Solovyov Nick Cicek 50 1 2 2
Penalty Kill 4 Players Forward
Center Wing Time % Phy DF OF
1 Conor Sheary Shane Wright 50 1 2 2
2 Graeme Clarke Ryan Suzuki 50 1 2 2
Penalty Kill 4 Players Defense
Defense Defense Time % Phy DF OF
1 Daemon Hunt Ville Heinola 50 1 2 2
2 Ilya Solovyov Nick Cicek 50 1 2 2
Penalty Kill - 3 Players Forward
Forward Time % Phy DF OF
1 Conor Sheary 50 1 2 2
2 Shane Wright 50 1 2 2
Penalty Kill - 3 Players Defense
Defense Defense Time % Phy DF OF
1 Daemon Hunt Ville Heinola 50 1 2 2
2 Ilya Solovyov Nick Cicek 50 1 2 2
4 vs 4 Forward
Center Wing Time % Phy DF OF
1 Conor Sheary Shane Wright 50 1 2 2
2 Graeme Clarke Ryan Suzuki 50 1 2 2
4 vs 4 Defense
Defense Defense Time % Phy DF OF
1 Daemon Hunt Ville Heinola 50 1 2 2
2 Ilya Solovyov Nick Cicek 50 1 2 2
Last Minutes Offensive
Center Left Wing Right Wing Defense Defense
Shane Wright Conor Sheary Graeme Clarke Daemon Hunt Ville Heinola
Last Minutes Defensive
Center Left Wing Right Wing Defense Defense
Shane Wright Conor Sheary Graeme Clarke Daemon Hunt Ville Heinola
Goaltenders
Starting : Tomas Suchanek
Backup : Matthew Murray
Extra Forwards
Normal : Chaz Lucius, Francesco Pinelli, Ryder Korczak - PP : Chaz Lucius, Francesco Pinelli - PK : Ryder Korczak
Extra Defensemen
Normal : William Wallinder, Carson Lambos, Ilya Solovyov - PP : William Wallinder - PK : Carson Lambos, Ilya Solovyov
Penalty Shots
Conor Sheary, Shane Wright, Graeme Clarke, Ryan Suzuki, Akil Thomas
Scratches
Brett Harrison (Healthy), Jakub Brabenec (Healthy), Antonio Stranges (Healthy), Philippe Daoust (Healthy)
Toronto St Pats
5 vs 5 Forward
Center Left Wing Right Wing Time % Phy DF OF
1 Connor Dewar Nick Cousins Travis Boyd 30 1 2 2
2 Brendan Brisson Austin Watson Mackie Samoskevich 30 1 2 2
3 Brendan Gaunce Brett Berard Ryan Tverberg 25 1 2 2
4 John Farinacci Connor Dewar Matthew Maggio 15 1 2 2
5 vs 5 Defense
Defense Defense Time % Phy DF OF
1 Nikita Okhotiuk Pierre-Olivier Joseph 30 1 2 2
2 Sam Malinski Scott Perunovich 30 1 2 2
3 Lucas Carlsson Lassi Thomson 25 1 2 2
4 Nikita Okhotiuk Pierre-Olivier Joseph 15 1 2 2
PowerPlay Forward
Center Left Wing Right Wing Time % Phy DF OF
1 Connor Dewar Nick Cousins Travis Boyd 50 1 2 2
2 Brendan Brisson Austin Watson Mackie Samoskevich 50 1 2 2
PowerPlay Defense
Defense Defense Time % Phy DF OF
1 Nikita Okhotiuk Pierre-Olivier Joseph 50 1 2 2
2 Sam Malinski Scott Perunovich 50 1 2 2
Penalty Kill 4 Players Forward
Center Wing Time % Phy DF OF
1 Connor Dewar Nick Cousins 50 1 2 2
2 Travis Boyd Brendan Brisson 50 1 2 2
Penalty Kill 4 Players Defense
Defense Defense Time % Phy DF OF
1 Nikita Okhotiuk Pierre-Olivier Joseph 50 1 2 2
2 Sam Malinski Scott Perunovich 50 1 2 2
Penalty Kill - 3 Players Forward
Forward Time % Phy DF OF
1 Connor Dewar 50 1 2 2
2 Nick Cousins 50 1 2 2
Penalty Kill - 3 Players Defense
Defense Defense Time % Phy DF OF
1 Nikita Okhotiuk Pierre-Olivier Joseph 50 1 2 2
2 Sam Malinski Scott Perunovich 50 1 2 2
4 vs 4 Forward
Center Wing Time % Phy DF OF
1 Connor Dewar Nick Cousins 50 1 2 2
2 Travis Boyd Brendan Brisson 50 1 2 2
4 vs 4 Defense
Defense Defense Time % Phy DF OF
1 Nikita Okhotiuk Pierre-Olivier Joseph 50 1 2 2
2 Sam Malinski Scott Perunovich 50 1 2 2
Last Minutes Offensive
Center Left Wing Right Wing Defense Defense
Connor Dewar Nick Cousins Travis Boyd Nikita Okhotiuk Pierre-Olivier Joseph
Last Minutes Defensive
Center Left Wing Right Wing Defense Defense
Connor Dewar Nick Cousins Travis Boyd Nikita Okhotiuk Pierre-Olivier Joseph
Goaltenders
Starting : Adam Scheel
Backup : Matt Murray
Extra Forwards
Normal : Jake Leschyshyn, Brendan Gaunce, Brett Berard - PP : Jake Leschyshyn, Brendan Gaunce - PK : Brett Berard
Extra Defensemen
Normal : Lucas Carlsson, Lassi Thomson, Sam Malinski - PP : Lucas Carlsson - PK : Lassi Thomson, Sam Malinski
Penalty Shots
Connor Dewar, Nick Cousins, Travis Boyd, Brendan Brisson, Austin Watson
Scratches
Cole McWard (Healthy), Nico Myatovic (Healthy), Bogdan Trineyev (Healthy), Eetu Liukas (Healthy), Ville Koivunen (Healthy)
Jakub Skarek (Healthy), Brett Brochu (Healthy), Will Cranley (Healthy)
% Time on Ice - Adelaide Pink Elephants
Lines # - Real PCT - Wanted PCT - Time Play
Normal Forward
1 - 30% - 30% - 14:28
2 - 31% - 30% - 14:36
3 - 27% - 25% - 12:39
4 - 12% - 15% - 5:45
Normal Defense
1 - 31% - 30% - 14:47
2 - 31% - 30% - 14:47
3 - 25% - 25% - 11:41
4 - 13% - 15% - 6:13
PP Forward
1 - 51% - 50% - 3:07
2 - 49% - 50% - 2:57
PP Defense
1 - 47% - 50% - 2:50
2 - 53% - 50% - 3:14
PK Forward
1 - 48% - 50% - 3:05
2 - 52% - 50% - 3:23
PK Defense
1 - 40% - 50% - 2:36
2 - 60% - 50% - 3:52
PK3 Forward
1 - 0% - 50%
2 - 0% - 50%
PK3 Defense
1 - 0% - 50%
2 - 0% - 50%
44 Forward
1 - 0% - 50%
2 - 0% - 50%
44 Defense
1 - 0% - 50%
2 - 0% - 50%
Last Minute Offensive - 0:00
Last Minute Defensive - 0:00
Total
Forward - 60:00
Defense - 60:00
|
% Time on Ice - Toronto St Pats
Lines # - Real PCT - Wanted PCT - Time Play
Normal Forward
1 - 30% - 30% - 14:20
2 - 31% - 30% - 14:30
3 - 25% - 25% - 11:49
4 - 14% - 15% - 6:49
Normal Defense
1 - 31% - 30% - 14:50
2 - 31% - 30% - 14:48
3 - 25% - 25% - 11:57
4 - 12% - 15% - 5:53
PP Forward
1 - 52% - 50% - 3:21
2 - 48% - 50% - 3:07
PP Defense
1 - 54% - 50% - 3:29
2 - 46% - 50% - 2:59
PK Forward
1 - 49% - 50% - 3:00
2 - 51% - 50% - 3:04
PK Defense
1 - 48% - 50% - 2:56
2 - 52% - 50% - 3:08
PK3 Forward
1 - 0% - 50%
2 - 0% - 50%
PK3 Defense
1 - 0% - 50%
2 - 0% - 50%
44 Forward
1 - 0% - 50%
2 - 0% - 50%
44 Defense
1 - 0% - 50%
2 - 0% - 50%
Last Minute Offensive - 0:00
Last Minute Defensive - 0:00
Total
Forward - 60:00
Defense - 60:00
|
Play-by-Play
1st period
0:01 of 1st period - Connor Dewar wins face-off versus Shane Wright in neutral zone.
0:48 of 1st period - Slapshot by Akil Thomas.
0:48 of 1st period - Deflect By Colton Dach.
0:48 of 1st period - Stopped by Adam Scheel without a rebound.
0:49 of 1st period - John Farinacci wins face-off versus Akil Thomas in Toronto St Pats zone.
1:05 of 1st period - Snap shot by Connor Dewar.
1:05 of 1st period - Deflect By Colton Dach.
1:05 of 1st period - Stopped by Tomas Suchanek with a rebound.
1:15 of 1st period - Brendan Gaunce is hit by Ilya Solovyov and loses puck.
1:24 of 1st period - Slapshot by Lucas Carlsson.
1:24 of 1st period - Shot Blocked by Ilya Solovyov.
1:30 of 1st period - Minor Penalty to Nick Cicek for High sticking.
1:31 of 1st period - Connor Dewar wins face-off versus Conor Sheary in Adelaide Pink Elephants zone.
2:04 of 1st period - Wrist shot by Brendan Brisson.
2:04 of 1st period - Shot Misses the Net.
2:06 of 1st period - Slapshot by Pierre-Olivier Joseph.
2:06 of 1st period - Shot Misses the Net.
2:08 of 1st period - Slapshot by Nikita Okhotiuk.
2:08 of 1st period - Shot Hit the Post.
2:10 of 1st period - Slapshot by Nikita Okhotiuk.
2:10 of 1st period - Shot Blocked by Ryan Suzuki.
3:30 of 1st period - Penalty to Nick Cicek is over, Nick Cicek is back on ice.
3:37 of 1st period - Ilya Solovyov is hit by Brett Berard.
4:00 of 1st period - Ryan Tverberg is hit by Ryder Korczak and loses puck.
4:22 of 1st period - Wrist shot by Brendan Gaunce.
4:22 of 1st period - Shot Misses the Net.
4:30 of 1st period - Wrist shot by Brendan Gaunce.
4:30 of 1st period - Shot Misses the Net.
5:30 of 1st period - Snap shot by Brendan Gaunce.
5:30 of 1st period - Shot Misses the Net.
5:44 of 1st period - Snap shot by Sean Farrell.
5:44 of 1st period - Shot Blocked by Lucas Carlsson.
6:00 of 1st period - Wrist shot by Ryder Korczak.
6:00 of 1st period - Goal by Ryder Korczak - Adelaide Pink Elephants : 1 - Toronto St Pats : 0.
6:01 of 1st period - Connor Dewar wins face-off versus Shane Wright in neutral zone.
6:28 of 1st period - Slapshot by Austin Watson.
6:28 of 1st period - Shot Misses the Net.
6:30 of 1st period - Slapshot by Sam Malinski.
6:30 of 1st period - Shot Misses the Net.
6:52 of 1st period - Snap shot by Connor Dewar.
6:52 of 1st period - Stopped by Tomas Suchanek with a rebound.
7:04 of 1st period - Ville Heinola is hit by Connor Dewar and loses puck.
7:45 of 1st period - Ilya Solovyov is hit by Connor Dewar and loses puck.
8:15 of 1st period - Shane Wright is hit by Lucas Carlsson and loses puck.
9:04 of 1st period - Conor Sheary is hit by Nikita Okhotiuk and loses puck.
9:35 of 1st period - Ryan Suzuki is hit by Scott Perunovich and loses puck.
12:50 of 1st period - Icing by Scott Perunovich.
12:51 of 1st period - John Farinacci wins face-off versus Shane Wright in Toronto St Pats zone.
12:51 of 1st period - John Farinacci is hit by Shane Wright.
12:57 of 1st period - Wrist shot by Brett Berard.
12:57 of 1st period - Shot Misses the Net.
12:59 of 1st period - Slapshot by Brendan Gaunce.
12:59 of 1st period - Shot Misses the Net.
13:01 of 1st period - Snap shot by Ryan Tverberg.
13:01 of 1st period - Shot Misses the Net.
13:03 of 1st period - Snap shot by Ryan Tverberg.
13:03 of 1st period - Shot Misses the Net.
13:13 of 1st period - Snap shot by Brendan Brisson.
13:13 of 1st period - Stopped by Tomas Suchanek with a rebound.
13:15 of 1st period - Slapshot by Pierre-Olivier Joseph.
13:15 of 1st period - Stopped by Tomas Suchanek without a rebound.
13:16 of 1st period - Brendan Brisson wins face-off versus Tristen Robins in Adelaide Pink Elephants zone.
13:43 of 1st period - Snap shot by Connor Dewar.
13:43 of 1st period - Goal by Connor Dewar - Adelaide Pink Elephants : 1 - Toronto St Pats : 1.
13:44 of 1st period - Shane Wright wins face-off versus Connor Dewar in neutral zone.
13:59 of 1st period - Wrist shot by Travis Boyd.
13:59 of 1st period - Shot Blocked by Daemon Hunt.
14:09 of 1st period - Austin Watson is hit by Tristen Robins and loses puck.
14:14 of 1st period - Snap shot by Akil Thomas.
14:14 of 1st period - Stopped by Adam Scheel with a rebound.
14:16 of 1st period - Wrist shot by Akil Thomas.
14:16 of 1st period - Shot Misses the Net.
14:18 of 1st period - Snap shot by Akil Thomas.
14:18 of 1st period - Shot Misses the Net.
14:20 of 1st period - Snap shot by Colton Dach.
14:20 of 1st period - Stopped by Adam Scheel with a rebound.
14:22 of 1st period - Wrist shot by Tristen Robins.
14:22 of 1st period - Shot Blocked by Brendan Brisson.
14:32 of 1st period - Nikita Okhotiuk is hit by Ryan Suzuki and loses puck.
14:41 of 1st period - Snap shot by Brendan Gaunce.
14:41 of 1st period - Stopped by Tomas Suchanek with a rebound.
14:54 of 1st period - Off-side.
14:55 of 1st period - Shane Wright wins face-off versus Connor Dewar in neutral zone.
15:25 of 1st period - Slapshot by Sean Farrell.
15:25 of 1st period - Stopped by Adam Scheel with a rebound.
15:27 of 1st period - Snap shot by Ryan Suzuki.
15:27 of 1st period - Shot Misses the Net.
15:29 of 1st period - Slapshot by Sean Farrell.
15:29 of 1st period - Shot Misses the Net.
15:31 of 1st period - Slapshot by Joakim Kemell.
15:31 of 1st period - Goal by Joakim Kemell - Adelaide Pink Elephants : 2 - Toronto St Pats : 1.
15:32 of 1st period - Brendan Brisson wins face-off versus Tristen Robins in neutral zone.
15:43 of 1st period - Wrist shot by Conor Sheary.
15:43 of 1st period - Shot Blocked by Pierre-Olivier Joseph.
15:45 of 1st period - Slapshot by Ville Heinola.
15:45 of 1st period - Stopped by Adam Scheel with a rebound.
15:57 of 1st period - Connor Dewar is hit by Sean Farrell and loses puck.
16:14 of 1st period - Minor Penalty to Ville Heinola for Hooking.
16:15 of 1st period - Conor Sheary wins face-off versus Brendan Brisson in Adelaide Pink Elephants zone.
16:38 of 1st period - Conor Sheary is hit by Connor Dewar and loses puck.
16:49 of 1st period - Wrist shot by Nick Cousins.
16:49 of 1st period - Shot Misses the Net.
18:14 of 1st period - Penalty to Ville Heinola is over, Ville Heinola is back on ice.
18:21 of 1st period - Snap shot by Brett Berard.
18:21 of 1st period - Shot Blocked by Daemon Hunt.
18:23 of 1st period - Wrist shot by Ryan Tverberg.
18:23 of 1st period - Shot Misses the Net.
18:25 of 1st period - Slapshot by Brett Berard.
18:25 of 1st period - Shot Misses the Net.
18:27 of 1st period - Slapshot by Lucas Carlsson.
18:27 of 1st period - Deflect By Brendan Gaunce.
18:27 of 1st period - Stopped by Tomas Suchanek with a rebound.
18:29 of 1st period - Wrist shot by Brendan Gaunce.
18:29 of 1st period - Stopped by Tomas Suchanek with a rebound.
18:31 of 1st period - Snap shot by Brendan Gaunce.
18:31 of 1st period - Shot Misses the Net.
18:49 of 1st period - Wrist shot by Matthew Maggio.
18:49 of 1st period - Stopped by Tomas Suchanek without a rebound.
18:50 of 1st period - Brendan Gaunce wins face-off versus Akil Thomas in Adelaide Pink Elephants zone.
19:38 of 1st period - Slapshot by Joakim Kemell.
19:38 of 1st period - Deflect By Sean Farrell.
19:38 of 1st period - Shot Misses the Net.
19:38 of 1st period - Puck is out of play.
19:39 of 1st period - Tristen Robins wins face-off versus Brendan Brisson in Toronto St Pats zone.
19:46 of 1st period - Wrist shot by Conor Sheary.
19:46 of 1st period - Deflect By Tristen Robins.
19:46 of 1st period - Deflect By Scott Perunovich.
19:46 of 1st period - Shot Blocked by Sam Malinski.
19:46 of 1st period - Puck is out of play.
19:47 of 1st period - Tristen Robins wins face-off versus Brendan Brisson in Toronto St Pats zone.
19:59 of 1st period - Slapshot by Conor Sheary.
19:59 of 1st period - Stopped by Adam Scheel with a rebound.
Goals for this period are 2 for Adelaide Pink Elephants vs 1 for Toronto St Pats.
Shots for this period are 8 for Adelaide Pink Elephants vs 9 for Toronto St Pats.
2nd period
0:01 of 2nd period - Shane Wright wins face-off versus Connor Dewar in neutral zone.
0:12 of 2nd period - Wrist shot by Shane Wright.
0:12 of 2nd period - Goal by Shane Wright - Adelaide Pink Elephants : 3 - Toronto St Pats : 1.
0:13 of 2nd period - Connor Dewar wins face-off versus Shane Wright in neutral zone.
0:16 of 2nd period - Ville Heinola is hit by Nick Cousins and loses puck.
0:29 of 2nd period - Snap shot by Conor Sheary.
0:29 of 2nd period - Goal by Conor Sheary - Adelaide Pink Elephants : 4 - Toronto St Pats : 1.
0:30 of 2nd period - Shane Wright wins face-off versus Brendan Brisson in neutral zone.
1:08 of 2nd period - Slapshot by Akil Thomas.
1:08 of 2nd period - Deflect By Colton Dach.
1:08 of 2nd period - Shot Misses the Net.
1:08 of 2nd period - Puck is out of play.
1:09 of 2nd period - Brendan Gaunce wins face-off versus Ryan Suzuki in Toronto St Pats zone.
1:20 of 2nd period - Snap shot by Ryan Tverberg.
1:20 of 2nd period - Stopped by Tomas Suchanek without a rebound.
1:21 of 2nd period - Shane Wright wins face-off versus Mackie Samoskevich in Adelaide Pink Elephants zone.
1:30 of 2nd period - Snap shot by Graeme Clarke.
1:30 of 2nd period - Shot Misses the Net.
1:52 of 2nd period - Snap shot by Tristen Robins.
1:52 of 2nd period - Shot Blocked by Connor Dewar.
1:54 of 2nd period - Slapshot by Ilya Solovyov.
1:54 of 2nd period - Stopped by Adam Scheel without a rebound.
1:55 of 2nd period - Connor Dewar wins face-off versus Akil Thomas in Toronto St Pats zone.
1:55 of 2nd period - Connor Dewar is hit by Tristen Robins.
2:21 of 2nd period - Scott Perunovich is hit by Shane Wright and loses puck.
2:30 of 2nd period - Snap shot by Ville Heinola.
2:30 of 2nd period - Shot Misses the Net.
2:32 of 2nd period - Snap shot by Graeme Clarke.
2:32 of 2nd period - Shot Misses the Net.
2:50 of 2nd period - William Wallinder is hit by Brendan Gaunce and loses puck.
3:07 of 2nd period - Snap shot by John Farinacci.
3:07 of 2nd period - Stopped by Tomas Suchanek without a rebound.
3:08 of 2nd period - Shane Wright wins face-off versus John Farinacci in Adelaide Pink Elephants zone.
3:40 of 2nd period - Slapshot by Brendan Brisson.
3:40 of 2nd period - Stopped by Tomas Suchanek without a rebound.
3:41 of 2nd period - Shane Wright wins face-off versus Brendan Brisson in Adelaide Pink Elephants zone.
3:41 of 2nd period - Shane Wright is hit by Austin Watson.
4:10 of 2nd period - Off-side.
4:11 of 2nd period - Connor Dewar wins face-off versus Ryan Suzuki in neutral zone.
4:20 of 2nd period - Snap shot by Connor Dewar.
4:20 of 2nd period - Shot Misses the Net.
4:22 of 2nd period - Slapshot by Nick Cousins.
4:22 of 2nd period - Stopped by Tomas Suchanek without a rebound.
4:23 of 2nd period - Connor Dewar wins face-off versus Tristen Robins in Adelaide Pink Elephants zone.
4:26 of 2nd period - Wrist shot by Nick Cousins.
4:26 of 2nd period - Stopped by Tomas Suchanek without a rebound.
4:27 of 2nd period - Connor Dewar wins face-off versus Tristen Robins in Adelaide Pink Elephants zone.
4:28 of 2nd period - Wrist shot by Travis Boyd.
4:28 of 2nd period - Shot Blocked by Daemon Hunt.
4:40 of 2nd period - Wrist shot by Tristen Robins.
4:40 of 2nd period - Stopped by Adam Scheel with a rebound.
4:42 of 2nd period - Slapshot by Shane Wright.
4:42 of 2nd period - Shot Misses the Net.
5:06 of 2nd period - Mackie Samoskevich is hit by Ville Heinola and loses puck.
5:31 of 2nd period - Wrist shot by Austin Watson.
5:31 of 2nd period - Goal by Austin Watson - Adelaide Pink Elephants : 4 - Toronto St Pats : 2.
5:32 of 2nd period - Shane Wright wins face-off versus Connor Dewar in neutral zone.
5:58 of 2nd period - Icing by Scott Perunovich.
5:59 of 2nd period - Akil Thomas wins face-off versus Brendan Gaunce in Toronto St Pats zone.
6:00 of 2nd period - Wrist shot by Colton Dach.
6:00 of 2nd period - Deflect By Tristen Robins.
6:00 of 2nd period - Stopped by Adam Scheel without a rebound.
6:01 of 2nd period - Brendan Gaunce wins face-off versus Akil Thomas in Toronto St Pats zone.
6:15 of 2nd period - Icing by William Wallinder.
6:16 of 2nd period - Connor Dewar wins face-off versus Akil Thomas in Adelaide Pink Elephants zone.
6:26 of 2nd period - Icing by Akil Thomas.
6:27 of 2nd period - Connor Dewar wins face-off versus Akil Thomas in Adelaide Pink Elephants zone.
6:28 of 2nd period - Wrist shot by Travis Boyd.
6:28 of 2nd period - Deflect By Colton Dach.
6:28 of 2nd period - Stopped by Tomas Suchanek without a rebound.
6:29 of 2nd period - Connor Dewar wins face-off versus Shane Wright in Adelaide Pink Elephants zone.
6:59 of 2nd period - Minor Penalty to Nikita Okhotiuk for Tripping.
7:00 of 2nd period - Shane Wright wins face-off versus Connor Dewar in Toronto St Pats zone.
7:12 of 2nd period - Wrist shot by Brendan Brisson.
7:12 of 2nd period - Shot Misses the Net.
8:59 of 2nd period - Penalty to Nikita Okhotiuk is over, Nikita Okhotiuk is back on ice.
9:04 of 2nd period - Brett Berard is hit by Ilya Solovyov and loses puck.
9:47 of 2nd period - Sean Farrell is hit by Pierre-Olivier Joseph and loses puck.
11:08 of 2nd period - Minor Penalty to Nikita Okhotiuk for High sticking.
11:09 of 2nd period - Ryan Suzuki wins face-off versus Travis Boyd in Toronto St Pats zone.
11:13 of 2nd period - Snap shot by Ryan Suzuki.
11:13 of 2nd period - Stopped by Adam Scheel with a rebound.
11:15 of 2nd period - Wrist shot by Sean Farrell.
11:15 of 2nd period - Goal by Sean Farrell - Adelaide Pink Elephants : 5 - Toronto St Pats : 2.
11:16 of 2nd period - Brendan Brisson wins face-off versus Tristen Robins in neutral zone.
11:27 of 2nd period - Slapshot by Conor Sheary.
11:27 of 2nd period - Stopped by Adam Scheel without a rebound.
11:28 of 2nd period - Shane Wright wins face-off versus Connor Dewar in Toronto St Pats zone.
12:38 of 2nd period - Matthew Maggio is hit by Graeme Clarke and loses puck.
12:51 of 2nd period - Minor Penalty to Lucas Carlsson for Goalie Interference.
12:52 of 2nd period - Shane Wright wins face-off versus Travis Boyd in Toronto St Pats zone.
12:53 of 2nd period - Slapshot by Conor Sheary.
12:53 of 2nd period - Shot Misses the Net.
13:03 of 2nd period - Snap shot by Ilya Solovyov.
13:03 of 2nd period - Shot Misses the Net.
13:23 of 2nd period - Wrist shot by Joakim Kemell.
13:23 of 2nd period - Stopped by Adam Scheel with a rebound.
13:25 of 2nd period - Snap shot by Sean Farrell.
13:25 of 2nd period - Deflect By Joakim Kemell.
13:25 of 2nd period - Stopped by Adam Scheel without a rebound.
13:26 of 2nd period - Travis Boyd wins face-off versus Shane Wright in Toronto St Pats zone.
14:51 of 2nd period - Penalty to Lucas Carlsson is over, Lucas Carlsson is back on ice.
14:56 of 2nd period - Slapshot by Brett Berard.
14:56 of 2nd period - Shot Misses the Net.
14:58 of 2nd period - Slapshot by Lucas Carlsson.
14:58 of 2nd period - Deflect By Brett Berard.
14:58 of 2nd period - Shot Blocked by Ilya Solovyov.
14:58 of 2nd period - Puck is out of play.
14:59 of 2nd period - Akil Thomas wins face-off versus Brendan Gaunce in Adelaide Pink Elephants zone.
15:25 of 2nd period - Brendan Brisson is hit by Ryan Suzuki and loses puck.
15:32 of 2nd period - Backhand shot by Sean Farrell.
15:32 of 2nd period - Shot Blocked by Lassi Thomson.
15:34 of 2nd period - Slapshot by Ilya Solovyov.
15:34 of 2nd period - Deflect By Ryan Suzuki.
15:34 of 2nd period - Shot Hit the Post.
15:34 of 2nd period - Puck is out of play.
15:35 of 2nd period - Connor Dewar wins face-off versus Shane Wright in Toronto St Pats zone.
15:44 of 2nd period - Snap shot by Sam Malinski.
15:44 of 2nd period - Stopped by Tomas Suchanek with a rebound.
15:46 of 2nd period - Snap shot by Connor Dewar.
15:46 of 2nd period - Deflect By Nick Cousins.
15:46 of 2nd period - Shot Misses the Net.
15:46 of 2nd period - Puck is out of play.
15:47 of 2nd period - Connor Dewar wins face-off versus Shane Wright in Adelaide Pink Elephants zone.
15:52 of 2nd period - Wrist shot by Travis Boyd.
15:52 of 2nd period - Stopped by Tomas Suchanek without a rebound.
15:53 of 2nd period - Shane Wright wins face-off versus Connor Dewar in Adelaide Pink Elephants zone.
16:25 of 2nd period - Wrist shot by Joakim Kemell.
16:25 of 2nd period - Shot Misses the Net.
16:27 of 2nd period - Slapshot by Daemon Hunt.
16:27 of 2nd period - Deflect By Sean Farrell.
16:27 of 2nd period - Stopped by Adam Scheel with a rebound.
16:29 of 2nd period - Slapshot by Daemon Hunt.
16:29 of 2nd period - Shot Blocked by Mackie Samoskevich.
16:31 of 2nd period - Snap shot by Joakim Kemell.
16:31 of 2nd period - Stopped by Adam Scheel without a rebound.
16:32 of 2nd period - Connor Dewar wins face-off versus Akil Thomas in Toronto St Pats zone.
16:32 of 2nd period - Connor Dewar is hit by Colton Dach.
16:38 of 2nd period - Slapshot by Nikita Okhotiuk.
16:38 of 2nd period - Deflect By Nick Cousins.
16:38 of 2nd period - Shot Misses the Net.
16:38 of 2nd period - Puck is out of play.
16:39 of 2nd period - Connor Dewar wins face-off versus Akil Thomas in Adelaide Pink Elephants zone.
16:40 of 2nd period - Wrist shot by Travis Boyd.
16:40 of 2nd period - Shot Misses the Net.
16:42 of 2nd period - Snap shot by Nick Cousins.
16:42 of 2nd period - Shot Blocked by Tristen Robins.
17:08 of 2nd period - Slapshot by Brendan Gaunce.
17:08 of 2nd period - Stopped by Tomas Suchanek without a rebound.
17:09 of 2nd period - Brett Berard wins face-off versus Shane Wright in Adelaide Pink Elephants zone.
17:42 of 2nd period - Snap shot by Sean Farrell.
17:42 of 2nd period - Shot Blocked by Lucas Carlsson.
17:44 of 2nd period - Snap shot by Ryan Suzuki.
17:44 of 2nd period - Stopped by Adam Scheel with a rebound.
17:54 of 2nd period - Wrist shot by Ryan Tverberg.
17:54 of 2nd period - Shot Blocked by Colton Dach.
18:16 of 2nd period - Wrist shot by Connor Dewar.
18:16 of 2nd period - Stopped by Tomas Suchanek with a rebound.
18:46 of 2nd period - Wrist shot by Colton Dach.
18:46 of 2nd period - Shot Misses the Net.
18:58 of 2nd period - Graeme Clarke is hit by Nick Cousins and loses puck.
19:47 of 2nd period - Slapshot by Sam Malinski.
19:47 of 2nd period - Stopped by Tomas Suchanek with a rebound.
19:59 of 2nd period - Snap shot by Brendan Brisson.
19:59 of 2nd period - Stopped by Tomas Suchanek with a rebound.
Goals for this period are 3 for Adelaide Pink Elephants vs 1 for Toronto St Pats.
Shots for this period are 13 for Adelaide Pink Elephants vs 13 for Toronto St Pats.
3rd period
0:01 of 3rd period - Tristen Robins wins face-off versus Brendan Brisson in neutral zone.
0:01 of 3rd period - Daemon Hunt is hit by Nikita Okhotiuk and loses puck.
0:11 of 3rd period - Minor Penalty to Austin Watson for Holding.
0:12 of 3rd period - Ryan Suzuki wins face-off versus Connor Dewar in Toronto St Pats zone.
2:11 of 3rd period - Penalty to Austin Watson is over, Austin Watson is back on ice.
2:21 of 3rd period - Brett Berard is hit by Ville Heinola.
2:27 of 3rd period - Slapshot by Colton Dach.
2:27 of 3rd period - Shot Blocked by Brendan Brisson.
2:29 of 3rd period - Slapshot by William Wallinder.
2:29 of 3rd period - Stopped by Adam Scheel without a rebound.
2:30 of 3rd period - Tristen Robins wins face-off versus Brendan Gaunce in Toronto St Pats zone.
3:29 of 3rd period - Slapshot by Ryan Tverberg.
3:29 of 3rd period - Shot Blocked by Ville Heinola.
3:45 of 3rd period - Travis Boyd is hit by Colton Dach.
5:26 of 3rd period - Wrist shot by Mackie Samoskevich.
5:26 of 3rd period - Shot Misses the Net.
5:28 of 3rd period - Wrist shot by Mackie Samoskevich.
5:28 of 3rd period - Shot Blocked by Ilya Solovyov.
6:17 of 3rd period - Minor Penalty to Akil Thomas for Hooking.
6:18 of 3rd period - Conor Sheary wins face-off versus Brendan Brisson in Adelaide Pink Elephants zone.
6:26 of 3rd period - Graeme Clarke is hit by Nikita Okhotiuk and loses puck.
6:45 of 3rd period - Nick Cicek is hit by Nick Cousins and loses puck.
7:40 of 3rd period - Scott Perunovich is hit by Nick Cicek and loses puck.
8:17 of 3rd period - Penalty to Akil Thomas is over, Akil Thomas is back on ice.
10:25 of 3rd period - Lassi Thomson is hit by William Wallinder and loses puck.
11:12 of 3rd period - Joakim Kemell is hit by Nick Cousins.
11:52 of 3rd period - Minor Penalty to Ilya Solovyov for Tripping.
11:53 of 3rd period - Graeme Clarke wins face-off versus Travis Boyd in Adelaide Pink Elephants zone.
12:16 of 3rd period - Ryan Suzuki is hit by Mackie Samoskevich and loses puck.
12:23 of 3rd period - Wrist shot by Brendan Brisson.
12:23 of 3rd period - Goal by Brendan Brisson - Adelaide Pink Elephants : 5 - Toronto St Pats : 3.
12:24 of 3rd period - Conor Sheary wins face-off versus Connor Dewar in neutral zone.
12:29 of 3rd period - Wrist shot by Conor Sheary.
12:29 of 3rd period - Stopped by Adam Scheel without a rebound.
12:30 of 3rd period - Tristen Robins wins face-off versus Connor Dewar in Toronto St Pats zone.
12:33 of 3rd period - Slapshot by Shane Wright.
12:33 of 3rd period - Shot Misses the Net.
12:35 of 3rd period - Backhand shot by Daemon Hunt.
12:35 of 3rd period - Shot Blocked by Travis Boyd.
12:37 of 3rd period - Slapshot by Ville Heinola.
12:37 of 3rd period - Deflect By Conor Sheary.
12:37 of 3rd period - Deflect By Connor Dewar.
12:37 of 3rd period - Stopped by Adam Scheel with a rebound.
12:39 of 3rd period - Slapshot by Ville Heinola.
12:39 of 3rd period - Deflect By Shane Wright.
12:39 of 3rd period - Deflect By Travis Boyd.
12:39 of 3rd period - Stopped by Adam Scheel with a rebound.
12:41 of 3rd period - Slapshot by Conor Sheary.
12:41 of 3rd period - Stopped by Adam Scheel without a rebound.
12:42 of 3rd period - Connor Dewar wins face-off versus Tristen Robins in Toronto St Pats zone.
12:51 of 3rd period - Conor Sheary is hit by Pierre-Olivier Joseph and loses puck.
13:16 of 3rd period - Sean Farrell is hit by Brendan Brisson and loses puck.
13:31 of 3rd period - Slapshot by Daemon Hunt.
13:31 of 3rd period - Shot Blocked by Sam Malinski.
13:33 of 3rd period - Wrist shot by Tristen Robins.
13:33 of 3rd period - Goal by Tristen Robins - Adelaide Pink Elephants : 6 - Toronto St Pats : 3.
13:34 of 3rd period - Tristen Robins wins face-off versus Connor Dewar in neutral zone.
13:41 of 3rd period - Snap shot by Connor Dewar.
13:41 of 3rd period - Shot Misses the Net.
13:43 of 3rd period - Slapshot by Travis Boyd.
13:43 of 3rd period - Shot Misses the Net.
13:45 of 3rd period - Wrist shot by Connor Dewar.
13:45 of 3rd period - Stopped by Tomas Suchanek with a rebound.
13:47 of 3rd period - Slapshot by Nikita Okhotiuk.
13:47 of 3rd period - Shot Misses the Net.
13:56 of 3rd period - Icing by Ilya Solovyov.
13:57 of 3rd period - Mackie Samoskevich wins face-off versus Tristen Robins in Adelaide Pink Elephants zone.
13:58 of 3rd period - Snap shot by Brendan Brisson.
13:58 of 3rd period - Shot Misses the Net.
14:00 of 3rd period - Snap shot by Austin Watson.
14:00 of 3rd period - Stopped by Tomas Suchanek without a rebound.
14:01 of 3rd period - Brendan Brisson wins face-off versus Shane Wright in Adelaide Pink Elephants zone.
14:02 of 3rd period - Slapshot by Austin Watson.
14:02 of 3rd period - Deflect By Mackie Samoskevich.
14:02 of 3rd period - Stopped by Tomas Suchanek without a rebound.
14:03 of 3rd period - Austin Watson wins face-off versus Graeme Clarke in Adelaide Pink Elephants zone.
14:11 of 3rd period - Shane Wright beats up Austin Watson.
14:11 of 3rd period - Penalty to Austin Watson for Fighting.
14:11 of 3rd period - Penalty to Shane Wright for Fighting.
14:12 of 3rd period - Tristen Robins wins face-off versus Connor Dewar in Adelaide Pink Elephants zone.
14:41 of 3rd period - Nikita Okhotiuk is hit by Ryan Suzuki and loses puck.
16:07 of 3rd period - Snap shot by Brendan Gaunce.
16:07 of 3rd period - Stopped by Tomas Suchanek without a rebound.
16:08 of 3rd period - Ryan Suzuki wins face-off versus Brendan Brisson in Adelaide Pink Elephants zone.
16:15 of 3rd period - Snap shot by Brendan Brisson.
16:15 of 3rd period - Shot Blocked by Carson Lambos.
16:17 of 3rd period - Snap shot by Brendan Brisson.
16:17 of 3rd period - Shot Misses the Net.
16:19 of 3rd period - Slapshot by Scott Perunovich.
16:19 of 3rd period - Stopped by Tomas Suchanek without a rebound.
16:20 of 3rd period - Chaz Lucius wins face-off versus Connor Dewar in Adelaide Pink Elephants zone.
16:47 of 3rd period - Wrist shot by Joakim Kemell.
16:47 of 3rd period - Deflect By Sean Farrell.
16:47 of 3rd period - Shot Misses the Net.
16:47 of 3rd period - Puck is out of play.
16:48 of 3rd period - Ryan Suzuki wins face-off versus Brendan Brisson in Toronto St Pats zone.
17:03 of 3rd period - Ilya Solovyov is hit by Brendan Brisson and loses puck.
17:18 of 3rd period - Wrist shot by Mackie Samoskevich.
17:18 of 3rd period - Stopped by Tomas Suchanek with a rebound.
17:20 of 3rd period - Slapshot by Mackie Samoskevich.
17:20 of 3rd period - Shot Misses the Net.
17:22 of 3rd period - Slapshot by Pierre-Olivier Joseph.
17:22 of 3rd period - Deflect By Brendan Brisson.
17:22 of 3rd period - Shot Misses the Net.
17:22 of 3rd period - Puck is out of play.
17:23 of 3rd period - Tristen Robins wins face-off versus Connor Dewar in Adelaide Pink Elephants zone.
17:30 of 3rd period - Wrist shot by Travis Boyd.
17:30 of 3rd period - Shot Misses the Net.
17:32 of 3rd period - Snap shot by Connor Dewar.
17:32 of 3rd period - Shot Blocked by Daemon Hunt.
17:34 of 3rd period - Wrist shot by Nikita Okhotiuk.
17:34 of 3rd period - Stopped by Tomas Suchanek without a rebound.
17:35 of 3rd period - Graeme Clarke wins face-off versus Connor Dewar in Adelaide Pink Elephants zone.
17:48 of 3rd period - Wrist shot by Nick Cousins.
17:48 of 3rd period - Stopped by Tomas Suchanek without a rebound.
17:49 of 3rd period - Brendan Brisson wins face-off versus Conor Sheary in Adelaide Pink Elephants zone.
17:58 of 3rd period - Snap shot by Brendan Brisson.
17:58 of 3rd period - Shot Misses the Net.
18:00 of 3rd period - Wrist shot by Jake Leschyshyn.
18:00 of 3rd period - Stopped by Tomas Suchanek without a rebound.
18:01 of 3rd period - Chaz Lucius wins face-off versus Connor Dewar in Adelaide Pink Elephants zone.
18:08 of 3rd period - Snap shot by Graeme Clarke.
18:08 of 3rd period - Stopped by Adam Scheel with a rebound.
18:10 of 3rd period - Snap shot by Chaz Lucius.
18:10 of 3rd period - Stopped by Adam Scheel without a rebound.
18:11 of 3rd period - Chaz Lucius wins face-off versus Connor Dewar in Toronto St Pats zone.
18:12 of 3rd period - Snap shot by Conor Sheary.
18:12 of 3rd period - Shot Misses the Net.
18:14 of 3rd period - Wrist shot by Daemon Hunt.
18:14 of 3rd period - Stopped by Adam Scheel without a rebound.
18:15 of 3rd period - Tristen Robins wins face-off versus Connor Dewar in Toronto St Pats zone.
18:18 of 3rd period - Snap shot by Conor Sheary.
18:18 of 3rd period - Shot Misses the Net.
18:20 of 3rd period - Wrist shot by Tristen Robins.
18:20 of 3rd period - Stopped by Adam Scheel with a rebound.
18:22 of 3rd period - Snap shot by Chaz Lucius.
18:22 of 3rd period - Stopped by Adam Scheel without a rebound.
18:23 of 3rd period - Tristen Robins wins face-off versus Travis Boyd in Toronto St Pats zone.
18:34 of 3rd period - Snap shot by Conor Sheary.
18:34 of 3rd period - Shot Misses the Net.
18:36 of 3rd period - Slapshot by Ville Heinola.
18:36 of 3rd period - Shot Misses the Net.
18:38 of 3rd period - Snap shot by Chaz Lucius.
18:38 of 3rd period - Goal by Chaz Lucius - Adelaide Pink Elephants : 7 - Toronto St Pats : 3.
18:39 of 3rd period - Brendan Brisson wins face-off versus Conor Sheary in neutral zone.
18:48 of 3rd period - Slapshot by Scott Perunovich.
18:48 of 3rd period - Deflect By Mackie Samoskevich.
18:48 of 3rd period - Shot Misses the Net.
18:48 of 3rd period - Puck is out of play.
18:49 of 3rd period - Chaz Lucius wins face-off versus Brendan Brisson in Adelaide Pink Elephants zone.
19:08 of 3rd period - Slapshot by Scott Perunovich.
19:08 of 3rd period - Shot Misses the Net.
19:16 of 3rd period - Wrist shot by Mackie Samoskevich.
19:16 of 3rd period - Deflect By Brendan Brisson.
19:16 of 3rd period - Stopped by Tomas Suchanek with a rebound.
19:18 of 3rd period - Slapshot by Sam Malinski.
19:18 of 3rd period - Deflect By Brendan Brisson.
19:18 of 3rd period - Goal by Brendan Brisson - Adelaide Pink Elephants : 7 - Toronto St Pats : 4.
19:19 of 3rd period - Tristen Robins wins face-off versus Connor Dewar in neutral zone.
19:28 of 3rd period - Slapshot by Nick Cousins.
19:28 of 3rd period - Stopped by Tomas Suchanek without a rebound.
19:29 of 3rd period - Connor Dewar wins face-off versus Shane Wright in Adelaide Pink Elephants zone.
19:37 of 3rd period - Off-side.
19:38 of 3rd period - Connor Dewar wins face-off versus Shane Wright in neutral zone.
19:45 of 3rd period - Wrist shot by Travis Boyd.
19:45 of 3rd period - Stopped by Tomas Suchanek with a rebound.
19:47 of 3rd period - Wrist shot by Nick Cousins.
19:47 of 3rd period - Goal by Nick Cousins - Adelaide Pink Elephants : 7 - Toronto St Pats : 5.
19:48 of 3rd period - Brendan Gaunce wins face-off versus Tristen Robins in neutral zone.
Goals for this period are 2 for Adelaide Pink Elephants vs 3 for Toronto St Pats.
Shots for this period are 12 for Adelaide Pink Elephants vs 15 for Toronto St Pats.
Back to the Top